Cogmind - Beta 16 @@@ ROGUE MODE // 2026.01.02 @ 10:42:16 Player: jam Result: Destroyed by G-34 Mercenary with Small Laser Performance ------------- Evolutions (0) 0 Regions Visited (1) 200 Robots Destroyed (11) 55 Value Destroyed (313) 313 Prototype IDs (0) 0 Alien Tech Used (0) 0 Bonus (0) 0 TOTAL SCORE: 568 Bonus ------- None Cogmind --------- Core Integrity 0/250 Matter 285/300 Energy 125/125 System Corruption 0% Temperature Cool (6) Movement Walking (190) Ox1 Location -10/Materials Parts ------- > --- POWER (1) -------- Light Ion Engine > --- PROPULSION (2) --- Aluminum Leg Aluminum Leg > --- UTILITY (2) ------ Large Storage Unit > --- WEAPON (2) ------- Light Assault Rifle > --- INVENTORY (15) --- Light Ion Engine Light Ion Engine Aluminum Leg Subdweller Optics Hacking Suite Grenade Launcher Peak State ------------ > --- POWER ------------ Light Ion Engine > --- PROPULSION ------- Light Treads Light Treads > --- UTILITY ---------- Large Storage Unit Core Shielding > --- WEAPON ----------- EM Pulse Gun Medium Laser > --- INVENTORY -------- Light Ion Engine Aluminum Leg Aluminum Leg Aluminum Leg Aluminum Leg Small Storage Unit Hacking Suite Small Laser Grenade Launcher [Rating: 8] Favorites ----------- Power Light Ion Engine Engine Light Ion Engine Propulsion Light Treads Treads Light Treads Leg Aluminum Leg Utility Small Storage Unit Storage Small Storage Unit Protection Core Shielding Weapon Medium Laser Energy Gun Medium Laser Ballistic Gun Light Assault Rifle Build | -11 -10 ------- Run | Yrd Mat Slots Evolved . | . . Power . | . . Propulsion . | . . Utility . | . . Weapon . | . . Parts Attached 15 | 8 7 Power 2 | 1 1 Engine 2 | 1 1 Core . | . . Reactor . | . . Propulsion 6 | 4 2 Treads 2 | 2 . Leg 4 | 2 2 Wheel . | . . Hover . | . . Flight . | . . Utility 3 | 1 2 Device . | . . Storage 2 | 1 1 Processor . | . . Hackware . | . . Protection 1 | . 1 Artifact . | . . Weapon 4 | 2 2 Energy Gun 3 | 2 1 Energy Cannon . | . . Ballistic Gun 1 | . 1 Ballistic Cannon . | . . Launcher . | . . Special Weapon . | . . Impact Weapon . | . . Slashing Weapon . | . . Piercing Weapon . | . . Special Melee Weapon . | . . Unidentified Prototypes . | . . Parts Lost 6 | . 6 Power 1 | . 1 Propulsion 1 | . 1 Utility 1 | . 1 Weapon 3 | . 3 Highest Loss Streak 2 | . 2 To Critical Strikes . | . . Average Backups 5 | 2 6 Power . | . . Propulsion 2 | . 3 Utility . | . . Weapon 1 | . 1 Tool/Special . | . . Unused Backups 3 | . 3 Power 1 | . 1 Propulsion . | . . Utility 1 | . 1 Weapon 1 | . 1 Tool/Special . | . . Average Slot Usage (%) 89 | . 89 Engine 13 | . 13 Treads 24 | . 24 Leg 3 | . 3 Storage 15 | . 15 Protection 5 | . 5 Energy Gun 26 | . 26 Peak Build Rating 8 | 6 8 Average Rating 6 | 3 6 On Entrance 3 | . 6 Avg Prop Armor Cover (%) 10 | . 10 Naked Turns . | . . Heaviest Build 32 | 12 32 Greatest Support 40 | 40 40 Greatest Overweight (x) 2 | . 2 Average Overweight (x) . | . . Largest Inventory Capacity 15 | 8 15 Average Capacity 11 | 6 11 Most Carried 9 | 4 9 Average Carried 5 | 2 6 Final Capacity 15 | 8 15 Final Carried 6 | 4 6 Class Distribution -------------------- 100% | Mutant Dominant Class ---------------- Mutant | -10/Materials Resources | -11 -10 ----------- Run | Yrd Mat Matter Collected 368 | 188 180 Remotely . | . . Salvage Created 480 | . 480 Parts 21 | . 21 Haulers Intercepted . | . . Recyclers Shooed . | . . Parts Field Recycled . | . . Retrieved Matter . | . . Parts Self-Destructed . | . . Prevented . | . . Parts Restored . | . . Kills | -11 -10 ------- Run | Yrd Mat Combat Hostiles Destroyed 7 | . 7 Guns 6 | . 6 Classes Destroyed 4 | . 4 Builder 2 | . 2 Recycler 1 | . 1 Operator 1 | . 1 Grunt 7 | . 7 Best Kill Streak 3 | . 3 Combat Bots Only 2 | . 2 Max Kills in Single Turn 1 | . 1 Gunslinging . | . . Exploded . | . . Melee . | . . Uniques/NPCs Destroyed . | . . Combat | -11 -10 -------- Run | Yrd Mat Hostile Shots Fired 113 | . 113 Missed 30 | . 30 Hits 83 | . 83 Projectile 83 | . 83 Critical Strikes 1 | . 1 Damage Taken 1018 | . 1018 Core 250 | . 250 Absorbed by Shields . | . . Redirected to Shielding 41 | . 41 Core Remaining (%) 100 | 100 . Volleys Fired 58 | . 58 Largest 2 | . 2 Hottest 90 | . 90 Shots Fired 102 | . 102 Gun 102 | . 102 Cannon . | . . Launcher . | . . Special . | . . Kinetic 5 | . 5 Thermal 66 | . 66 Explosive . | . . Electromagnetic 31 | . 31 Robot Hit Streak 8 | . 8 Robot Miss Streak 9 | . 9 Penetration Max . | . . Secondary Targets 1 | . 1 Max Gunslinging Chain 1 | . 1 Shots Hit Robots 55 | . 55 Core Hits 18 | . 18 Critical Kills . | . . Critical Parts Destroyed . | . . Critical Strikes 2 | . 2 Burn 2 | . 2 Melee Attacks . | . . Impact . | . . Slashing . | . . Piercing . | . . Sneak Attacks . | . . Combat Hostiles . | . . Follow-up Attacks . | . . Damage Inflicted 876 | . 876 Guns 738 | . 738 Cannons . | . . Explosions 138 | . 138 Melee . | . . Ramming . | . . Kinetic 19 | . 19 Thermal 563 | . 563 Explosive . | . . Electromagnetic 294 | . 294 Impact . | . . Slashing . | . . Piercing . | . . Highest Corruption . | . . Average Corruption . | . . Corruption Purged . | . . Corruption Blocked . | . . Overload Shots . | . . Overflow Damage 7 | . 7 Projectiles . | . . Explosions 7 | . 7 Melee . | . . Knockbacks . | . . Impact . | . . Kinetic . | . . Secondary . | . . Self-Inflicted Damage . | . . Shots . | . . Rammed . | . . Targets Rammed . | . . Kicked . | . . Crushed . | . . Highest Temperature 587 | . 587 Average Temperature 202 | . 202 Received Heat Transfer 549 | . 549 Effects 14 | . 14 Shutdowns 3 | . 3 Energy Bleed 2 | . 2 Interference 2 | . 2 Matter Decay 1 | . 1 Short Circuit 1 | . 1 Damage (minor) 1 | . 1 Damage (major) 3 | . 3 Damage (core) 1 | . 1 Siege Activations . | . . Martial Activations . | . . Shielding Activations . | . . Robots Disrupted . | . . Combat Hostiles . | . . Robots Corrupted . | . . Combat Hostiles . | . . Parts Fried . | . . Impact Corruptions . | . . Robots Melted 1 | . 1 Combat Hostiles 1 | . 1 Parts Melted 2 | . 2 Heat Transferred 1498 | . 1498 Parts Sabotaged . | . . Parts Stolen . | . . Parts Stripped . | . . Power Chain Reactions 2 | . 2 Alert | -11 -10 ------- Run | Yrd Mat Maximum Alert Level . | . . Low Security (%) 100 | 100 100 Level 1 . | . . Level 2 . | . . Level 3 . | . . Level 4 . | . . Level 5 . | . . High Security . | . . Max Security . | . . Peak Influence 47 | . 47 Initial . | . . Average 8 | . 9 Influence Increases 228 | . 228 Destroy 0b10 Robot/C 140 | . 140 Destroy 0b10 Robot/NC 20 | . 20 Destroy Leader 20 | . 20 Disable Machine 45 | . 45 Destroy Structure 3 | . 3 Influence Decreases 228 | . 228 Time Decay 176 | . 176 Lost Part 52 | . 52 Squads Dispatched 2 | . 2 Investigation . | . . Extermination . | . . Reinforcement 2 | . 2 Assault . | . . Garrison . | . . Intercept . | . . Searches Triggered . | . . Construction Impeded . | . . Haulers Reinforced . | . . Active Scanning Responses . | . . Cargo Convoy Interrupts . | . . Stealth | -11 -10 --------- Run | Yrd Mat Distress Signals . | . . Communications Jammed . | . . Distress Signals . | . . Times Spotted 8 | . 8 Peak Tracking Total 2 | . 2 Tactical Retreats . | . . Traps | -11 -10 ------- Run | Yrd Mat Traps Triggered . | . . Indirectly . | . . Trap Hack Attempts . | . . Triggered . | . . Disarmed . | . . Reprogrammed . | . . Reused . | . . Traps Extracted . | . . Installed . | . . Triggered . | . . Machines | -11 -10 ---------- Run | Yrd Mat Machines Disabled 3 | . 3 Max in Single Turn 2 | . 2 Machines Repaired . | . . Machines Dismantled . | . . Machines Sabotaged . | . . Overloaded Fab Kills . | . . Hacking | -11 -10 --------- Run | Yrd Mat Machines Accessed 1 | . 1 Terminals 1 | . 1 Fabricators . | . . Repair Stations . | . . Recycling Units . | . . Scanalyzers . | . . Garrison Access . | . . Total Hacks 3 | . 3 Successful 3 | . 3 Failed . | . . Catastrophic . | . . Database Lockouts . | . . Manual 2 | . 2 Terminals 3 | . 3 Fabricators . | . . Repair Stations . | . . Recycling Units . | . . Scanalyzers . | . . Garrison Access . | . . Terminal Hacks 3 | . 3 Locate Traps 1 | . 1 Dispatch Records 1 | . 1 Zone Layout 1 | . 1 Fabricator Hacks . | . . Repair Station Hacks . | . . Recycling Unit Hacks . | . . Scanalyzer . | . . Garrison Access Hacks . | . . Unauthorized Hacks . | . . Terminals . | . . Fabricators . | . . Repair Stations . | . . Recycling Units . | . . Scanalyzers . | . . Garrison Access . | . . Data Cores Recovered . | . . Used . | . . Hacking Detections 1 | . 1 Full Trace Events . | . . Feedback Events . | . . Feedback Blocked . | . . Robot Schematics Acquired . | . . Robots Built . | . . Authchips . | . . Time . | . . Total Robot Build Rating . | . . Part Schematics Acquired . | . . Parts Built . | . . Authchips . | . . Time . | . . Total Part Build Rating . | . . Part Studies Acquired . | . . Parts Repaired . | . . Time . | . . Parts Recycled . | . . Recycled Matter . | . . Retrieved Matter . | . . Retrieved Components . | . . Parts Scanalyzed . | . . Part Schematics Acquired . | . . Parts Damaged . | . . Bothacking | -11 -10 ------------ Run | Yrd Mat Used RIF Installer . | . . Robots Hacked . | . . Non-combat . | . . Combat . | . . Robot Hacks Applied . | . . Relay Couplers Released . | . . Fabnet Peak Effective % . | . . Robots Rewired . | . . Allies Hacked . | . . Hacks Repelled . | . . Allies | -11 -10 -------- Run | Yrd Mat Total Allies . | . . Largest Group . | . . Highest-Rated Group . | . . Highest-Rated Ally . | . . Total Orders . | . . Ally Attacks . | . . Total Damage . | . . Kills . | . . Allies Corrupted . | . . Allies Melted . | . . Intel | -11 -10 ------- Run | Yrd Mat Active Infowar (turns) . | . . Robot Analysis Total . | . . Derelict Logs Recovered . | . . Drone Launches . | . . Drone Recoveries . | . . Exploration | -11 -10 ------------- Run | Yrd Mat Turns Passed 1042 | 130 912 Spaces Moved 580 | 137 443 Core 85 | 85 . Treads 423 | 21 402 Legs 72 | 31 41 Wheels . | . . Hover . | . . Flight . | . . Fastest Speed 50 | 50 160 Average Speed 145 | 82 164 Slowest Speed 260 | 160 260 Overloaded Moves . | . . Propulsion Burnouts . | . . Robots Hopped . | . . Potential Cave-ins . | . . Cave-ins Triggered . | . . Exploration Rate (%) 22 | 5 40 Regions Visited 1 Branch Regions . Pre-discovered Areas . | . . Known Exits Taken . | . . Unknown Exits Taken 1 | 1 . Scrap Searched . | . . Spaces Dug . | . . Terrain Destroyed 3 | . 3 Melee . | . . Projectile . | . . AOE 3 | . 3 Terrain Rammed . | . . Walls Destroyed . | . . Machines Disabled . | . . Actions | -11 -10 --------- Run | Yrd Mat Total 675 | 150 525 Wait . | . . Move 579 | 136 443 Hop . | . . Pick Up 15 | 4 11 Fast Attach 7 | 6 1 Attach 7 | 1 6 Detach 1 | 1 . Swap 3 | 2 1 Drop 5 | . 5 Fire 58 | . 58 Melee . | . . Ram . | . . Kick . | . . Crush . | . . Escape Stasis . | . . Rewire . | . . Trap . | . . Miscellaneous . | . . Route ------- -11/Scrapyard -10/Materials (discovered 3 exits: [*Mat] / [*Min x2]) History --------- Turn | Location | Event 7 | -11/Scrapyard | Discovered new exit (range 16) 131 | -11/Scrapyard | Entered Materials 224 | -10/Materials | Discovered new exit (range 10) 301 | -10/Materials | Build established: Mutant 550 | -10/Materials | Discovered new exit (range 7) 731 | -10/Materials | Derelicts attacked the area 793 | -10/Materials | Discovered new exit (range 14) 891 | -10/Materials | Core integrity fell below 50% 929 | -10/Materials | Core integrity fell below 20% 1043 | -10/Materials | Destroyed by G-34 Mercenary with Small Laser Last Messages --------------- 00987_ Acquired Lgt. Ion Engine. 00988_ U-05 Engineer builds a Wall. 00990_ K-01 Serf collects debris. 00996_ Acquired 16 matter. 00997_ K-01 Serf collects debris. 01008_ U-05 Engineer builds a Wall. 01008_ K-01 Serf collects debris. 01015_ U-05 Engineer builds a Wall. 01017_ Acquired Lgt. Assault Rifle. 01019_ K-01 Serf collects debris. 01020_ Acquired 14 matter. 01022_ K-01 Serf collects debris. 01023_ K-01 Serf cleans the TF Node. 01024_ Acquired Sub. Optics. 01025_ K-01 Serf cleans the TF Node. 01027_ K-01 Serf collects debris. 01028_ Med. Laser destroyed. 01030_ Acquired Lgt. Ion Engine. 01030_ K-01 Serf cleans the TF Node. 01032_ K-01 Serf collects debris. Map ----- +----------------------------------------------------+ | ?????????????????????????????????????????????????? | | ?????????????????????????????????????????????????? | | ?????????????????????????????????????????????????? | | ?????????????????????????????????????????????????? | | ???####+?????????????????????????????????????????? | | ??? ?????????????????????????????????????????? | | ??? ?????????????????????????????????????????? | | ???# #?????????????????????????????????????????? | | ???# #?????????????????????????????????????????? | | ???# #?????????????????????????????????????????? | | ???# #?????????????????????? ??????????????????? | | ???# #???????????????????? ??????????????????? | | ???# #???????????????????? ??????????????????? | | ???# #???????????????????? ??????????????????? | | ???# #????????????????????!=#??????????????????? | | ???# #??????????????????? *%#??????????????????? | | ???# ###########????????? !#??????????????????? | | ???# # #????????? #??????????????????? | | ???# + #????????# ##?????????????????? | | ???# # #????????# #??????????????????? | | ???# # #????????# #??????????????????? | | ???# ###########??????### #####??????????????? | | ???# # #???????###;#= # ??????????????? | | ???# # #########;#=%% # ??????????????? | | ???# # # % = ^# ??????????????? | | ???# + + @ " + ??????????????? | | #### # # % %| # ??????????????? | | # # # #;#####%! # ??????????????? | | # #####+## #?????#;g ## ??????????????? | | # #???# #?????## ## ??????????????? | | "" # #???# #??????# ######??????????????? | | "" # #???#% *%=#??????# #????#??????????????? | | "" + #??##+###/######?## ####?#??????????????? | | "" # #??#[=! % "T" #?# k! "#?#??????????????? | | "" # #??# """ #?# ""#?#??????????????? | | #### #??# """% #?# !!#?#??????????????? | | #??# """ #?# < ""#?#??????????????? | | #??# #?# !!#?#??????????????? | | #??# #?# % ""#?#??"???????????? | | ###+## #??# #?# = "#?#? ???????????? | | ?? ## #??#+############## ####?# ""???????????? | | ?# # #??# #???# # ###### """??????????? | | ?? # #??# #???# + = + """??????????? | | ?? # #??# #???# """ # ! #??????????????? | | ?# # #??# #???# """ # ######## ?????? | | ???# # #### #???# """ # ????? | | ?????# ##??# # ????? | | ?????# #??######## ????? | | #????# """ ##??????### ????? | | #????# """ "#???????#"" ""% ????? | +----------------------------------------------------+ Best States ------------- Heat Dissipation 25 Energy Generation 10 Energy Capacity 125 Matter Stores 300 Matter Capacity 300 Sight Range 16 Terrain Scan Density 10 Core Shielding 20 Evasion (%) 50 Recoil Reduction 2 Item Schematics ----------------- None Robot Schematics ------------------ None Fabricated ------------ Nothing Repaired ---------- Nothing Studied --------- None Alien Tech Used ----------------- None Achievements -------------- I Have A Map? Challenges ------------ None Game ------ Seed PulseSmartbombCloak Manual? 0 Play Time 00:20:05 Cumulative 5.2 hours Start 2026.01.02 @ 10:19:00 End 2026.01.02 @ 10:42:16 Sessions 1 Manual Loads 0 Difficulty Rogue Special Mode None Game No. 11 Rogue 8 Adventurer 3 Explorer 0 Win Type - Total 0 Types 0/0/0/0/0/0/0/0/0/0 Lore% 3 Gallery% 10 Achievement% 9 Wizard Run 0 Options --------- Layout 1 ASCII 0 Keyboard 0 Movement Mouse Keybinds 0 Fullscreen 1 Font 20/SmallcapsGlow Map View 55x45 Zoom Use 0% Tactical HUD 1 Map Filters NONE Filters NONE Steam 1 RUN: ed0824b5-53b6-4ec8-b1d7-4c0cef299f53